 Dungeon Crawl Stone Soup version 0.20.1-1-g8b1a95d (webtiles) character file.

2594 vatarom the Purveyor of Pain (level 9, -6/75 HPs)
             Began as a Demonspawn Necromancer on Sept 12, 2017.
             Was an Initiate of Kikubaaqudgha.
             Mangled by a worker ant (9 damage)
             ... on level 8 of the Dungeon.
             The game lasted 00:19:52 (8881 turns).

vatarom the Purveyor of Pain (DsNe)                 Turns: 8881, Time: 00:19:52

Health: -6/75      AC:  3    Str: 20    XL:     9   Next: 33%
Magic:  3/27       EV: 12    Int: 18    God:    Kikubaaqudgha [......]
Gold:   411        SH:  0    Dex: 19    Spells: 4/20 levels left

rFire    + . .     SeeInvis .   s - +3 dagger of the Ass {vamp, *Corrode rPois Str+4 Dex+6}
rCold    . . .     Gourm    .   (no shield)
rNeg     . . .     Faith    .   a - +0 robe
rPois    +         Spirit   .   (helmet restricted)
rElec    .         Reflect  .   (no cloak)
rCorr    .         Harm     +   (no gloves)
MR       .....                  (no boots)
Stlth    ++........             g - amulet of harm
Regen    0.3/turn               h - +2 ring of slaying
MPRegen  0.2/turn               l - ring of magical power

@: mighty, lethally poisoned (-6 -> -9)
A: horns 1, rugged brown scales 1, fire resistance 1, powered by pain 1, robust
1
a: Renounce Religion


You were on level 8 of the Dungeon.
You worshipped Kikubaaqudgha.
Kikubaaqudgha was noncommittal.
You were not hungry.

You visited 2 branches of the dungeon, and saw 9 of its levels.

You collected 411 gold pieces.

Inventory:

Hand Weapons
 n - a +0 short sword of electrocution
 o - a +2 dagger of electrocution
 s - the +3 dagger of the Ass (weapon) {vamp, *Corrode rPois Str+4 Dex+6}
   (You found it on level 5 of the Dungeon)

   It inflicts no extra harm, but heals its wielder when it wounds a living foe.
   It affects your strength (+4).
   It affects your dexterity (+6).
   It protects you from poison.
   It may corrode you when you take damage.
Armour
 a - a +0 robe (worn)
 r - a cursed +0 pair of gloves
Jewellery
 g - an amulet of harm (around neck)
 h - a +2 ring of slaying (left hand)
 i - a cursed amulet of inaccuracy {unknown}
 l - a ring of magical power (right hand)
Scrolls
 d - 3 scrolls of recharging
 f - a scroll of remove curse
 m - 3 scrolls of identify
 w - a scroll of enchant armour {unknown}
Potions
 e - 2 potions of cancellation
 j - a potion of mutation
 q - a potion of haste {unknown}
 u - 3 potions of flight
Books
 b - a book of Necromancy

   Spells                             Type                      Level
   a - Pain                           Necromancy                   1
   b - Animate Skeleton               Necromancy                   1
   c - Vampiric Draining              Necromancy                   3
   d - Regeneration                   Charms/Necromancy            3
   e - Animate Dead                   Necromancy                   4
   f - Control Undead                 Necromancy                   4
 v - Kikubaaqudgha's Incunabulum of Sinister Magic
   (Kikubaaqudgha gifted it to you on level 6 of the Dungeon)

   Spells                             Type                      Level
   a - Pain                           Necromancy                   1
   b - Corpse Rot                     Necromancy                   2
   c - Sublimation of Blood           Necromancy                   2
   d - Regeneration                   Charms/Necromancy            3
   e - Control Undead                 Necromancy                   4
Comestibles
 c - 6 bread rations
 k - 4 meat rations
 t - 2 royal jellies


   Skills:
 + Level 4.8 Fighting
 - Level 1.7 Dodging
 - Level 1.7 Stealth
 + Level 6.3 Spellcasting
 * Level 11.3 Necromancy


You had 4 spell levels left.
You knew the following spells:

 Your Spells              Type           Power        Failure   Level  Hunger
a - Pain                  Necr           ####         1%          1    None
b - Animate Skeleton      Necr           N/A          1%          1    None
c - Vampiric Draining     Necr           #####.....   1%          3    ##.....
d - Animate Dead          Necr           N/A          1%          4    ####...
e - Control Undead        Necr           #####.....   1%          4    ####...
f - Regeneration          Chrm/Necr      ####......   3%          3    ##.....


Dungeon Overview and Level Annotations

Branches:
Dungeon (8/15)             Temple (1/1) D:7
   Lair: D:8-11

Altars:
Ashenzari
Cheibriados
Dithmenos
Elyvilon
Fedhas
Gozag
Hepliaklqana
Kikubaaqudgha
Makhleb
Nemelex Xobeh
Okawaru
Qazlal
Ru
Sif Muna
Trog
Uskayaw
Vehumet
Xom
Yredelemnul
Zin
The Shining One

Shops:
D:7 %

Annotations:
D:3 Frank's ghost, amateur OpFi


Innate Abilities, Weirdness & Mutations

You have a pair of small horns on your head.
You are partially covered in rugged brown scales. (AC +1, +3% HP)
You sometimes gain a little power by taking damage.
Your flesh is heat resistant. (rF+)
You are robust. (+10% HP)


Message History

You kill the two-headed ogre!
Kikubaaqudgha accepts your kill.
Your Necromancy skill increases to level 11!
Unknown command.
Casting: Vampiric Draining
Confirm with . or Enter, or press ? or * to list all spells.
Aiming: Pain
Press: ? - help, Shift-Dir - straight line, f - worker ant
Aim: a worker ant (chance to defeat MR: 89%)
The worker ant writhes in agony!
The worker ant bites you!
* * * LOW HITPOINT WARNING * * *
You are lethally poisoned!
The worker ant poisons you!
Casting: Pain
Confirm with . or Enter, or press ? or * to list all spells.
You call on the dead to rise...
The dead are walking!
* * * LOW HITPOINT WARNING * * *
You feel sick. The worker ant barely misses you. The worker ant bites you!
You die...
Kikubaaqudgha rasps: "You have failed me!
Welcome... death!"

.############
........#<..#
#####.###.#
##....sa@..#
#.....Z#####
#......#
#......#
........#
.#.......
#...%.##
a......
..#..##


You could see a scorpion, a worker ant and a friendly two-headed ogre zombie.

Vanquished Creatures
  A two-headed ogre (D:8)
  A spriggan (D:7)
  Edmund (D:5)
  2 sky beasts
  A black bear (D:6)
  2 phantoms
  4 ogres
  2 bullfrogs
  A scorpion (D:7)
  4 killer bees (D:7)
  3 howler monkeys
  2 crimson imps
  A centaur zombie (D:6)
  A hound (D:5)
  2 orc wizards
  Jessica (D:3)
  An iguana (D:6)
  A worker ant (D:7)
  A worker ant zombie (D:7)
  7 adders
  3 oozes
  An adder zombie (D:6)
  4 worms
  3 dart slugs
  3 leopard geckos
  20 orcs
  A ball python (D:2)
  4 giant cockroaches
  15 goblins
  9 hobgoblins
  14 jackals
  3 quokkas
  6 bats
  4 frilled lizards (D:2)
  10 kobolds
  A leopard gecko zombie (D:7)
  2 quokka skeletons
  4 rats
146 creatures vanquished.

Vanquished Creatures (collateral kills)
  A hungry ghost (D:7)
  An ogre (D:6)
  A killer bee (D:7)
  An orc priest (D:7)
  2 worker ants
  An adder (D:7)
  2 orcs
  A goblin (D:1)
  2 hobgoblins (D:1)
12 creatures vanquished.

Grand Total: 158 creatures vanquished

Notes
Turn   | Place    | Note
-------+----------+-------------------------------------------
     0 | D:1      | vatarom the Demonspawn Necromancer began the quest for the Orb.
     0 | D:1      | Reached XP level 1. HP: 13/13 MP: 3/3
    18 | D:1      | Learned a level 1 spell: Animate Skeleton
   239 | D:1      | Gained mutation: You have a pair of small horns on your head. [demonic ancestry]
   239 | D:1      | Reached XP level 2. HP: 20/20 MP: 3/5
   664 | D:1      | Reached skill level 1 in Fighting
   876 | D:2      | Reached XP level 3. HP: 26/26 MP: 4/6
   881 | D:2      | Learned a level 3 spell: Vampiric Draining
   952 | D:2      | Reached skill level 5 in Necromancy
  1128 | D:2      | HP: 1/26 [worm (4)]
  1565 | D:2      | Reached XP level 4. HP: 28/32 MP: 2/8
  2583 | D:3      | Found a white marble altar of Elyvilon.
  2724 | D:3      | Found a sacrificial altar of Ru.
  2990 | D:3      | Noticed Frank's ghost (amateur OpFi)
  3368 | D:3      | Learned a level 4 spell: Animate Dead
  3792 | D:3      | Reached XP level 5. HP: 38/38 MP: 7/9
  3809 | D:3      | Noticed Jessica
  3818 | D:3      | Killed Jessica
  3818 | D:3      | Reached skill level 6 in Necromancy
  3947 | D:3      | Found a blossoming altar of Fedhas.
  4278 | D:4      | Found a shimmering altar of Xom.
  4655 | D:4      | Noticed a phantom
  4678 | D:4      | Gained mutation: You are robust. (+10% HP) [potion of mutation]
  4678 | D:4      | Gained mutation: Your flesh is heat resistant. (rF+) [potion of mutation]
  5392 | D:5      | Entered Level 5 of the Dungeon
  5404 | D:5      | Noticed Edmund
  5417 | D:5      | Killed Edmund
  5417 | D:5      | Reached skill level 7 in Necromancy
  5417 | D:5      | Gained mutation: You are partially covered in rugged brown scales. (AC +1, +3% HP) [demonic ancestry]
  5417 | D:5      | Reached XP level 6. HP: 35/49 MP: 2/11
  5517 | D:5      | Noticed a sky beast
  5581 | D:5      | Killed a sky beast
  5728 | D:5      | Learned a level 4 spell: Control Undead
  5860 | D:5      | Got a warped dagger
  5861 | D:5      | Identified the +3 dagger of the Ass {vamp, *Corrode rPois Str+4 Dex+6} (You found it on level 5 of the Dungeon)
  6005 | D:5      | Found an ancient bone altar of Kikubaaqudgha.
  6015 | D:5      | Gained mutation: You sometimes gain a little power by taking damage. [demonic ancestry]
  6015 | D:5      | Reached XP level 7. HP: 41/55 MP: 13/13
  6021 | D:5      | Became a worshipper of Kikubaaqudgha
  6383 | D:5      | Found a glowing golden altar of the Shining One.
  6438 | D:6      | Found a hazy altar of Hepliaklqana.
  6438 | D:6      | Found a burning altar of Makhleb.
  6438 | D:6      | Found a bloodstained altar of Trog.
  6440 | D:6      | Found a deep blue altar of Sif Muna.
  6450 | D:6      | Reached skill level 8 in Necromancy
  6587 | D:6      | Noticed a hand axe
  6588 | D:6      | Noticed a hand axe
  6589 | D:6      | Found a hide-covered altar of Uskayaw.
  6715 | D:6      | Reached skill level 5 in Spellcasting
  6715 | D:6      | Reached skill level 9 in Necromancy
  6812 | D:6      | Learned a level 3 spell: Regeneration
  6931 | D:6      | Reached XP level 8. HP: 59/63 MP: 15/15
  6940 | D:6      | Found a snail-covered altar of Cheibriados.
  7076 | D:6      | Found a glowing silver altar of Zin.
  7139 | D:6      | Reached * piety under Kikubaaqudgha
  7139 | D:6      | Identified Kikubaaqudgha's Incunabulum of Sinister Magic (Kikubaaqudgha gifted it to you on level 6 of the Dungeon)
  7139 | D:6      | Received a gift from Kikubaaqudgha
  7319 | D:7      | Reached skill level 10 in Necromancy
  7576 | D:7      | Found Soiv's Food Shop.
  7690 | D:7      | Found a staircase to the Ecumenical Temple.
  7714 | Temple   | Entered the Ecumenical Temple
  8042 | D:7      | Reached XP level 9. HP: 57/73 MP: 18/18
  8495 | D:8      | HP: 1/73 [orc warrior/flail (25)]
  8857 | D:8      | Noticed a two-headed ogre
  8879 | D:8      | Killed a two-headed ogre
  8879 | D:8      | Reached skill level 11 in Necromancy
  8880 | D:8      | HP: 3/75 [worker ant (8)]
  8881 | D:8      | Mangled by a worker ant

Skill      XL: |  1  2  3  4  5  6  7  8  9 |
---------------+----------------------------+-----
Fighting       | 1 4 |  4.8
Necromancy     | 5 7 9 10 11 | 11.3
Spellcasting   | 3 4 5 6 |  6.3
Dodging        | |  1.7
Stealth        | |  1.7

Action                   |  1- 3 |  4- 6 |  7- 9 || total
-------------------------+-------+-------+-------++-------
Melee: Unarmed           |    17 |       |       ||    17
       Dagger            |    26 |    68 |    75 ||   169
       Headbutt          |     8 |    10 |    22 ||    40
 Cast: Pain              |    53 |   122 |    67 ||   242
       Animate Skeleton  |     8 |     9 |     1 ||    18
       Vampiric Draining |     1 |     6 |    19 ||    26
       Animate Dead      |       |     9 |    14 ||    23
       Control Undead    |       |       |     8 ||     8
       Regeneration      |       |       |     2 ||     2
Invok: Receive Corpses   |       |       |     5 ||     5
  Use: Scroll            |     3 |     6 |     2 ||    11
       Potion            |       |    11 |     1 ||    12
 Stab: Sleeping          |       |     1 |     1 ||     2
       Distracted        |       |       |     1 ||     1
  Eat: Chunk             |     2 |     9 |     6 ||    17
       Royal jelly       |     1 |     1 |       ||     2
       Bread ration      |       |     2 |     2 ||     4
Armor: Robe              |    12 |    14 |    19 ||    45
Dodge: Dodged            |    43 |    53 |    70 ||   166
